 Dungeon Crawl Stone Soup version 0.30-a0-121-gb27577e5d9 (webtiles) character file.

Game seed: 16884443768315660986

385 MisterAzrael the Digger (level 6, -10/32 HPs)
             Began as a Deep Elf Earth Elementalist on Sept 14, 2022.
             Was an Initiate of Vehumet.
             Mangled by a gnoll sergeant
             ... wielding a +3 vorpal spear
              (14 damage)
             ... on level 4 of the Dungeon.
             The game lasted 00:06:43 (4466 turns).

MisterAzrael the Digger (DEEE)                      Turns: 4466, Time: 00:06:44

Health: -10/32     AC:  4    Str:  3 (5)  XL:     6   Next: 48%
Magic:  1/15       EV: 12    Int: 20 (22) God:    Vehumet [......]
Gold:   162        SH:  0    Dex: 13 (15) Spells: 7/15 levels left

rFire   . . .      SeeInvis .    j - staff of conjuration
rCold   . . .      Faith    .    (no shield)
rNeg    . . .      Spirit   .    a - +0 robe
rPois   .          Reflect  .    (no helmet)
rElec   .          Harm     .    (no cloak)
rCorr   .          Rampage  .    (no gloves)
Will    .....                    (no boots)
Stlth   ++........               (no amulet)
HPRegen 0.10/turn                (no ring)
MPRegen 0.14/turn                (no ring)

@: invisible
A: iridescent scales 1, mutation resistance 1
a: Renounce Religion


You were on level 4 of the Dungeon.
You worshipped Vehumet.
Vehumet was noncommittal.
You visited 1 branch of the dungeon, and saw 4 of its levels.

You collected 162 gold pieces.

Inventory:

Armour
 a - a +0 robe (worn)
 b - a +1 cloak
Magical Staves
 j - a staff of conjuration (weapon)
Scrolls
 d - 4 scrolls of identify {unknown}
 e - 3 scrolls of enchant armour {unknown}
 h - 2 scrolls of teleportation {unknown}
 i - a scroll of blinking {unknown}
 k - 2 scrolls of amnesia {unknown}
 m - a scroll of brand weapon {unknown}
 n - a scroll of fog {unknown}
 q - 2 scrolls of enchant weapon {unknown}
Potions
 c - a potion of heal wounds {unknown}
 f - 5 potions of haste {unknown}
 g - 2 potions of curing {unknown}
 l - a potion of degeneration
 o - a potion of invisibility
 p - a potion of mutation
 r - a potion of experience {unknown}


   Skills:
 - Level 2.4 Dodging
 - Level 2.4 Stealth
 + Level 5.0 Spellcasting
 * Level 3.9 Conjurations
 + Level 2.3 Transmutations
 - Level 5.5 Earth Magic


You had 7 spell levels left.
You knew the following spells:

 Your Spells              Type           Power      Damage    Failure   Level
a - Sandblast             Erth           54%        2d13      1%          1
b - Stone Arrow           Conj/Erth      72%        3d11      4%          3
c - Petrify               Tmut/Erth      20%        N/A       22%         4

Your spell library contained the following spells:

 Spells                   Type           Power      Damage    Failure   Level
 Passwall                 Tmut/Erth      16%        N/A       3%          2


Dungeon Overview and Level Annotations

Branches:
Dungeon (4/15)
 Temple: D:4-7

Altars:
Fedhas
Vehumet

Shops:
D:4 (


Innate Abilities, Weirdness & Mutations

You are partially covered in iridescent scales. (AC +2)
You are somewhat resistant to further mutation.


Message History

The stone arrow hits the gnoll sergeant!
The gnoll sergeant is moderately wounded.
The gnoll sergeant hits you from afar with a +3 vorpal spear.
The gnoll hits you but does no damage. The gnoll barely misses you.
Casting: Stone Arrow (dangerous; 4% risk of failure)
Confirm with . or Enter, or press ? or * to list all spells.
Aiming: Stone Arrow (dangerous; 4% risk of failure)
Press: ? - help, Shift-Dir - straight line, f/p - gnoll sergeant
Aim: a gnoll sergeant, wielding a +3 vorpal spear, wearing a +0 ring mail and wearing a +0 kite shield (moderately wounded, 84% to hit)
You feel a surge of power!
The stone arrow hits the gnoll sergeant!
The gnoll sergeant is almost dead.
The gnoll sergeant closely misses you.
The gnoll hits you from afar with a +0 halberd!
The gnoll closely misses you.
Casting: Stone Arrow (dangerous; 4% risk of failure)
Confirm with . or Enter, or press ? or * to list all spells.
Aiming: Stone Arrow (dangerous; 4% risk of failure)
Press: ? - help, Shift-Dir - straight line, f/p - gnoll sergeant
Aim: a gnoll sergeant, wielding a +3 vorpal spear, wearing a +0 ring mail and wearing a +0 kite shield (almost dead, 84% to hit)
You feel a surge of power!
The gnoll sergeant blocks the stone arrow.
The gnoll sergeant hits you from afar with a +3 vorpal spear!
* * * LOW HITPOINT WARNING * * *
x2 The gnoll barely misses you.
The gnoll hits you from afar with a +0 spear.
* * * LOW HITPOINT WARNING * * *
Okay, then.
It was a potion of degeneration.
There was something very wrong with that liquid.
You feel weakened.
You feel dopey.
You feel clumsy.
The gnoll sergeant completely misses you.
It was a potion of invisibility.
You fade into invisibility!
The gnoll sergeant barely misses you.
It was a potion of mutation.
You feel extremely strange.
Iridescent scales grow over part of your body.
You feel genetically stable.
The gnoll sergeant hits you from afar with a +3 vorpal spear!
You die...

. ##############
...#............#
...≈≈≈≈@≈≈≈≈....#
...≈##≈.≈##≈.<..# ..
##g###≈....# .....≈
gg.#≈≈....# .....≈
#...#≈≈....# .....≈
#.:.#≈≈....# .....≈
######≈....#
..(....≈##≈≈≈##≈....#
#####...
...≈≈≈≈≈≈≈≈≈....#


You could see a gnoll sergeant (unable to see you) and 2 gnolls.

Vanquished Creatures
  A necrophage (D:3)
  A scorpion (D:4)
  A hound (D:3)
  An orc wizard (D:3)
  9 gnolls (D:4)
  A white imp (D:4)
  4 worms
  4 dart slugs
  4 orcs
  6 ball pythons
  9 endoplasms
  4 giant cockroaches
  9 hobgoblins
  16 jackals
  7 kobolds
  2 quokkas
  4 bats (D:1)
  5 frilled lizards
  8 goblins
96 creatures vanquished.

Vanquished Creatures (others)
  4 plants (D:2)
4 creatures vanquished.

Grand Total: 100 creatures vanquished

Notes
Turn   | Place    | Note
-------+----------+-------------------------------------------
     0 | D:1      | MisterAzrael the Deep Elf Earth Elementalist began the
                  | quest for the Orb.
     0 | D:1      | Reached XP level 1. HP: 10/10 MP: 6/6
   124 | D:1      | Reached XP level 2. HP: 15/15 MP: 4/8
   560 | D:1      | Reached XP level 3. HP: 19/19 MP: 8/10
   569 | D:1      | Learned a level 3 spell: Stone Arrow
  1752 | D:2      | Reached skill level 1 in Conjurations
  2221 | D:3      | Reached XP level 4. HP: 24/24 MP: 7/11
  2482 | D:3      | Identified the +1 leather armour of Huud {rPois rC- rN++}
  2530 | D:3      | Noticed a necrophage
  2533 | D:3      | Killed a necrophage
  2534 | D:3      | Reached skill level 5 in Earth Magic
  2534 | D:3      | Reached XP level 5. HP: 28/28 MP: 6/13
  3236 | D:4      | Found a radiant altar of Vehumet.
  3252 | D:4      | Became a worshipper of Vehumet
  3382 | D:4      | Reached XP level 6. HP: 32/32 MP: 7/14
  3462 | D:4      | Learned a level 4 spell: Petrify
  3851 | D:4      | Found Uqefuaf's Antique Weapon Boutique.
  3955 | D:4      | Found a blossoming altar of Fedhas.
  4460 | D:4      | Reached skill level 5 in Spellcasting
  4466 | D:4      | Gained mutation: You are partially covered in iridescent
                  | scales. (AC +2) [potion of mutation]
  4466 | D:4      | Gained mutation: You are somewhat resistant to further
                  | mutation. [potion of mutation]
  4466 | D:4      | Mangled by a gnoll sergeant

Illustrated notes

Levels and vault maps discovered:
D:1:      roderic_chinese_lattice_arrival, layout_loops_cross,
          dreamdust_ecumenical_altar_hidden_monk_grotto, st_stairs_6,
          kennysheep_another_room
D:2:      layout_loops_ring, serial_bayou, serial_bayou_ford_a,
          serial_bayou_shore_b, serial_bayou_crossing, serial_bayou_pond_e
D:3:      layout_rooms, cheibrodos_sewer_entry_bend, minivault_19
D:4:      layout_gridville, lemuel_tele_altar, nicolae_vehumet_radiance,
          serial_shops, nicolae_shop_window_shopping, lightli_minifort

Skill      XL: |  1  2  3  4  5  6 |
---------------+-------------------+-----
Earth Magic    | 4 5 |  5.5
Conjurations   | 1 2 3 |  3.9
Spellcasting   | 4 5 |  5.0
Transmutations | 2 |  2.3
Dodging        | |  2.4
Stealth        | |  2.4

Action                   |  1- 3 |  4- 6 || total
-------------------------+-------+-------++-------
Melee: Unarmed           |     1 |       ||     1
 Cast: Sandblast         |    63 |    23 ||    86
       Stone Arrow       |     2 |    40 ||    42
  Use: Potion            |       |     5 ||     5
Armor: Robe              |     6 |     3 ||     9
Dodge: Dodged            |    21 |    23 ||    44

Table legend: (Time is in decaauts)
 A = Elapsed time spent in this place.
 B = Non-inter-level travel time spent in this place.
 C = Inter-level travel time spent in this place.
 D = Time resting spent in this place.
 E = Time spent auto-exploring this place.
 F = Levels seen in this place.
 G = Mean time per level.
                   A        B        C        D        E       F      G
               +--------+--------+--------+--------+--------+-----+--------+
         Total |   4540 |   4461 |     79 |    576 |   3378 |   4 | 1135.0 |
       Dungeon |   4540 |   4461 |     79 |    576 |   3378 |   4 | 1135.0 |
               +--------+--------+--------+--------+--------+-----+--------+

Top non-repeatable levels by time:
     D:1: 1416 daAuts
     D:4: 1282 daAuts
     D:3: 993 daAuts
     D:2: 847 daAuts
